 Dungeon Crawl Stone Soup version 0.21-a0-525-ga34b322 (webtiles) character file.

1278 solxrula the Basher (level 8, -1/78 HPs)
             Began as a Troll Berserker on Dec 8, 2017.
             Was an Elder of Trog.
             Slain by an orc warrior
             ... wielding a +0 halberd
              (19 damage)
             ... on level 6 of the Dungeon.
             The game lasted 00:17:21 (3935 turns).

solxrula the Basher (Troll Berserker)               Turns: 3935, Time: 00:17:22

Health: -1/78      AC:  5    Str: 32    XL:     8   Next: 29%
Magic:  2/2        EV: 11    Int:  3    God:    Trog [****..]
Gold:   350        SH:  0    Dex: 10    Spells: 7/7 levels left

rFire    + + .     SeeInvis .   o - +2 flail (antimagic)
rCold    + . .     Gourm    +   (no shield)
rNeg     . . .     Faith    +   b - +0 animal skin
rPois    +         Spirit   .   (helmet restricted)
rElec    +         Reflect  .   (no cloak)
rCorr    +         Harm     .   (gloves unavailable)
MR       .....                  (boots unavailable)
Stlth    +.........             i - amulet of faith
HPRegen  0.63/turn              f - +3 ring of strength
MPRegen  0.08/turn              h - ring of protection from fire

@: resistant
A: large, unfitting armour, claws 3, fast metabolism 3, gourmand, regeneration
1, shaggy fur 1, electricity resistance, strong 1, tough skin 2
a: Berserk, Trog's Hand, Brothers in Arms, Burn Spellbooks, Renounce Religion


You were on level 6 of the Dungeon.
You worshipped Trog.
Trog was greatly pleased with you.
You were very full.

You visited 1 branch of the dungeon, and saw 6 of its levels.

You collected 350 gold pieces.

Inventory:

Hand Weapons
 a - a +1 mace
 o - a +2 antimagic flail (weapon)
Armour
 b - a +0 animal skin (worn)
Jewellery
 f - a +3 ring of strength (left claw)
 h - a ring of protection from fire (right claw)
 i - an amulet of faith (around neck)
Wands
 l - a wand of flame (29)
 s - a wand of iceblast (11)
Scrolls
 d - 4 scrolls of identify
 m - a scroll of teleportation
 p - a scroll of remove curse
 r - a scroll of enchant armour {unknown}
Potions
 e - a potion of might
 k - a potion of flight
Comestibles
 c - 4 bread rations
 g - a meat ration
 j - a fruit


   Skills:
 + Level 3.8 Fighting
 * Level 8.2 Maces & Flails
 + Level 3.8 Dodging
 + Level 0.6 Stealth
 + Level 0.3 Evocations


You had 7 spell levels left.
You didn't know any spells.

Dungeon Overview and Level Annotations

Branches:
Dungeon (6/15)
 Temple: D:4-7

Altars:

Annotations:
D:6 1 runed door


Innate Abilities, Weirdness & Mutations

You are too large for most types of armour.
You have claws for hands.
Your metabolism is lightning-fast.
You like to eat raw meat.
Your natural rate of healing is unusually fast.
You are covered in fur. (AC +1)
You have very tough skin. (AC +2)
You are resistant to electric shocks. (rElec)
Your muscles are strong. (Str +2)


Message History

The orc warrior hits you from afar with a halberd!!
The orc wizard casts a spell.
The orc wizard blinks!
The orc priest hits you.
You hit the orc priest.
The orc priest is almost dead.
The orc warrior barely misses you. The orc priest closely misses you.
You closely miss the orc priest.
The orc priest is almost dead.
The orc priest miscasts a cantrip.
The orc warrior hits you from afar with a halberd!!
* * * LOW HITPOINT WARNING * * *
You feel better.
The orc priest hits you but does no damage.
The orc warrior hits you from afar with a halberd!
* * * LOW HITPOINT WARNING * * *
You feel protected. The orc priest hits you.
* * * LOW HITPOINT WARNING * * *
The orc warrior hits you from afar with a halberd!!
You die...

.......(####....)..........#
........# ####.#.########.#
........# ###.# ........#
#..# ######### #.## #.# #.#
#.# #@# #o# #o# #o# ..# ###


You could see an orc warrior, an orc priest and an orc wizard.

Vanquished Creatures
  The ghost of Scypho the Slasher, an amateur BaSk (D:3)
  An orc warrior (D:4)
  A phantom (D:5)
  2 ogres (D:4)
  A scorpion (D:4)
  A bullfrog zombie (D:5)
  A centaur zombie (D:5)
  A crimson imp (D:5)
  An orc wizard (D:4)
  3 orc priests
  4 hounds
  A gnoll shaman (D:6)
  An iguana (D:5)
  2 worker ants (D:4)
  A worker ant zombie (D:5)
  6 gnolls
  A howler monkey skeleton (D:4)
  7 adders
  3 worms
  A dart slug (D:1)
  3 leopard geckos
  16 orcs
  6 bats
  7 giant cockroaches
  4 goblins
  6 hobgoblins
  2 quokkas
  4 frilled lizards
  6 kobolds
  A quokka skeleton (D:4)
  8 rats
103 creatures vanquished.

Notes
Turn   | Place    | Note
-------+----------+-------------------------------------------
     0 | D:1      | solxrula the Troll Berserker began the quest for the Orb.
     0 | D:1      | Reached XP level 1. HP: 22/22 MP: 0/0
   109 | D:1      | Reached skill level 3 in Maces & Flails
   150 | D:1      | Reached XP level 2. HP: 28/29 MP: 1/1
   936 | D:2      | Reached ** piety under Trog
   936 | D:2      | Reached XP level 3. HP: 36/36 MP: 2/2
  1246 | D:2      | Reached XP level 4. HP: 44/44 MP: 3/3
  1329 | D:2      | Reached skill level 4 in Maces & Flails
  1544 | D:3      | Noticed Scypho's ghost (amateur BaSk)
  1561 | D:3      | Killed Scypho's ghost
  1561 | D:3      | Reached skill level 5 in Maces & Flails
  1561 | D:3      | Reached XP level 5. HP: 50/53 MP: 4/4
  1561 | D:3      | Reached XP level 6. HP: 58/61 MP: 5/5
  1975 | D:4      | Reached *** piety under Trog
  2026 | D:4      | Reached skill level 6 in Maces & Flails
  2142 | D:4      | Reached XP level 7. HP: 27/67 MP: 6/6
  2610 | D:4      | Reached skill level 7 in Maces & Flails
  2999 | D:5      | Entered Level 5 of the Dungeon
  3299 | D:5      | Reached XP level 8. HP: 65/76 MP: 2/7
  3408 | D:5      | Reached **** piety under Trog
  3621 | D:5      | Reached skill level 8 in Maces & Flails
  3676 | D:5      | Gained mutation: Your muscles are strong. (Str +2) [potion of mutation]
  3676 | D:5      | Gained mutation: You are resistant to electric shocks. (rElec) [potion of mutation]
  3863 | D:6      | Found a runed door.
  3935 | D:6      | Slain by an orc warrior

Vault maps used:
D:1:      dpeg_arrival_oval, serial_bayou, serial_bayou_ford_a,
          serial_bayou_lagoon_b, serial_bayou_pond_a, serial_bayou_shore_a
D:3:      first_bread
D:4:      guppyfry_early_orc_mine
D:5:      cheibrodos_gnoll_hut
D:6:      lemuel_insect_pit, lemuel_crystal_altar, minmay_temple_entry_crystal_x

Skill      XL: |  1  2  3  4  5  6  7  8 |
---------------+-------------------------+-----
Maces & Flails | 3 5 6 7 8 |  8.2
Fighting       | 3 |  3.8
Dodging        | 3 |  3.8
Stealth        | |  0.6
Evocations     | |  0.3

Action                   |  1- 3 |  4- 6 |  7- 9 || total
-------------------------+-------+-------+-------++-------
Melee: Mace              |   126 |    93 |     5 ||   224
       Flail             |       |       |   118 ||   118
Invok: Berserk           |       |     2 |     1 ||     3
Evoke: Wand              |       |     2 |       ||     2
  Use: Scroll            |     5 |     6 |     3 ||    14
       Potion            |     1 |     3 |     6 ||    10
 Stab: Sleeping          |       |       |     2 ||     2
  Eat: Chunk             |    16 |    10 |    19 ||    45
Armor: Animal skin       |    35 |    15 |    26 ||    76
Dodge: Dodged            |    63 |    39 |    53 ||   155

Table legend:
 A = Spawn XP
 B = Non-spawn XP
 C = Spawn XP percentage of total XP
 D = Spawn monster count
 E = Non-spawn monster count
 F = Spawn count percentage of total count
 G = Total turns spent on level
                    A         B        C        D         E        F      G
               +---------+---------+-------+---------+---------+-------+---------
         Total |       0 |    1826 |   0.0 |       0 |     103 |   0.0 |  3935
               +---------+---------+-------+---------+---------+-------+---------
           D:1 |       0 |      40 |   0.0 |       0 |      22 |   0.0 |   925
           D:2 |       0 |      76 |   0.0 |       0 |      21 |   0.0 |   593
           D:3 |       0 |     307 |   0.0 |       0 |       9 |   0.0 |   375
           D:4 |       0 |     722 |   0.0 |       0 |      29 |   0.0 |  1106
           D:5 |       0 |     570 |   0.0 |       0 |      15 |   0.0 |   719
           D:6 |       0 |     111 |   0.0 |       0 |       7 |   0.0 |   217
               +---------+---------+-------+---------+---------+-------+---------
